 Dungeon Crawl Stone Soup version 0.27-a0-887-gcab673c142 (webtiles) character file.

Game seed: 17494843545266954557

105 Alarkh the Insei (level 4, -5/35 HPs)
             Began as a Demonspawn Gladiator on Apr 4, 2021.
             Killed from afar by an orc wizard (11 damage)
             ... with a puff of flame
             ... on level 3 of the Dungeon.
             The game lasted 00:03:46 (2713 turns).

Alarkh the Insei (Demonspawn Gladiator)             Turns: 2713, Time: 00:03:47

Health: -5/35      AC:  5    Str: 13 (14) XL:     4   Next: 53%
Magic:  4/4        EV: 12    Int: 10 (11) God:
Gold:   164        SH:  0    Dex: 12 (14) Spells: 3/3 levels left

rFire    . . .     SeeInvis .     - Unarmed
rCold    . . .     Faith    .   (no shield)
rNeg     . . .     Spirit   .   a - +0 leather armour
rPois    .         Reflect  .   b - +0 helmet
rElec    .         Harm     .   p - +0 cloak
rCorr    .         Rampage  .   (no gloves)
Will     .....                  (no boots)
Stlth    +.........             o - amulet of regeneration
HPRegen  1.11/turn              (no ring)
MPRegen  0.18/turn              (no ring)

@: hasted, very quick
A: powered by death 2, magic regeneration
a: no special abilities


You were on level 3 of the Dungeon.
You visited 1 branch of the dungeon, and saw 3 of its levels.
You also visited: Sewer.

You collected 164 gold pieces.

Inventory:

Missiles
 c - 3 throwing nets (quivered)
Armour
 a - a +0 leather armour (worn)
 b - a +0 helmet (worn)
 p - a +0 cloak (worn)
Jewellery
 l - an amulet of faith
 o - an amulet of regeneration (around neck)
Scrolls
 d - a scroll of enchant weapon {unknown}
 e - 4 scrolls of identify {unknown}
 g - 2 scrolls of fear {unknown}
 h - a scroll of enchant armour {unknown}
 i - a scroll of brand weapon {unknown}
 m - a scroll of holy word {unknown}
 n - a scroll of vulnerability {unknown}
 t - 3 scrolls of teleportation {unknown}
 u - a scroll of blinking {unknown}
Potions
 f - a potion of lignification
 q - a potion of invisibility {unknown}
 r - a potion of flight
 s - a potion of might {unknown}
 v - a potion of degeneration


   Skills:
 + Level 3.1 Fighting
 - Level 1.7 Throwing
 - Level 2.6 Dodging
 * Level 4.3 Unarmed Combat


You had 3 spell levels left.
You didn't know any spells.
Your spell library contained the following spells:

 Spells                   Type           Power      Damage    Failure   Level
 Animate Skeleton         Necr           0%         N/A       43%         1
 Apportation              Tloc           0%         N/A       43%         1
 Corona                   Hex            0%         N/A       43%         1
 Summon Small Mammal      Summ           0%         N/A       43%         1


Dungeon Overview and Level Annotations

Branches:
Dungeon (3/15)              Sewer (visited)

Altars:
Dithmenos

Shops:
D:1 ?   D:3 [


Innate Abilities, Weirdness & Mutations

You regenerate health from kills.
You regenerate magic rapidly.


Message History

You hit something but do no damage. Something hits you.
You miss something. Something hits you but does no damage.
You miss something. Something hits you but does no damage.
You hit something. Something hits you.
* * * LOW HITPOINT WARNING * * *
You hit something but do no damage. You hit something but do no damage.
An orc wizard appears from thin air!
Reactivating autopickup.
The orc wizard hits you with a +0 dagger.
* * * LOW HITPOINT WARNING * * *
You hit the orc wizard but do no damage.
The orc wizard is severely wounded.
The orc wizard hits you with a +0 dagger.
* * * LOW HITPOINT WARNING * * *
You hit the orc wizard.
The orc wizard is almost dead.
The orc wizard barely misses you.
You hit the orc wizard but do no damage.
The orc wizard is almost dead.
The orc wizard casts a spell at you. The magic dart hits you!
* * * LOW HITPOINT WARNING * * *
You closely miss the orc wizard.
The orc wizard is almost dead.
The orc wizard hits you but does no damage.
It was a potion of degeneration.
There was something very wrong with that liquid.
You feel weakened.
You feel dopey.
You feel clumsy.
The orc wizard gestures at itself while chanting.
The orc wizard flickers and vanishes!
Deactivating autopickup; reactivate with Ctrl-A.
You hit something but do no damage. Something hits you.
* * * LOW HITPOINT WARNING * * *
It was a potion of cancellation.
You feel magically purged. Something hits you but does no damage.
It was a potion of haste.
You feel yourself speed up.
You hear some strange, mumbled words.
A puff of flame appears from out of thin air!
The puff of flame hits you!
You die...

#.......##
#######.##
#.....# #.#####
#.# +##### #.#
...... #####.#
.?....# #.....#
....... #@#####
....... #{#
.......###o#
..........o#
.......o.......#
......##########
...... ####+


You could see 2 orcs.

Vanquished Creatures
  An adder (D:2)
  4 worms (Sewer)
  A dart slug (D:3)
  4 orcs (D:3)
  10 ball pythons
  6 endoplasms
  2 giant cockroaches
  4 goblins
  4 hobgoblins
  4 jackals (Sewer)
  8 kobolds
  4 quokkas
  10 bats
  6 frilled lizards
  8 rats
76 creatures vanquished.

Vanquished Creatures (others)
  A plant (D:3)
1 creature vanquished.

Grand Total: 77 creatures vanquished

Notes
Turn   | Place    | Note
-------+----------+-------------------------------------------
     0 | D:1      | Alarkh the Demonspawn Gladiator began the quest for the
                  | Orb.
     0 | D:1      | Reached XP level 1. HP: 16/16 MP: 1/1
    47 | D:1      | Found a faded altar of an unknown god.
   388 | D:1      | Reached skill level 3 in Unarmed Combat
   455 | D:1      | Gained mutation: You regenerate a little health from kills.
                  | [demonic ancestry]
   455 | D:1      | Reached XP level 2. HP: 13/22 MP: 2/2
   703 | D:1      | Found Jinag's Magic Scroll Shop.
  1079 | D:2      | Gained mutation: You regenerate magic rapidly. [demonic
                  | ancestry]
  1079 | D:2      | Reached XP level 3. HP: 22/28 MP: 3/3
  1718 | D:3      | Found a shadowy altar of Dithmenos.
  1746 | D:3      | Found a glowing drain.
  1907 | Sewer    | Entered a sewer
  1919 | Sewer    | Reached skill level 4 in Unarmed Combat
  1947 | Sewer    | Gained mutation: You regenerate health from kills. [demonic
                  | ancestry]
  1947 | Sewer    | Reached XP level 4. HP: 34/34 MP: 4/4
  2525 | D:3      | Found Jaafean's Antique Armour Shoppe.
  2713 | D:3      | Killed from afar by an orc wizard

Illustrated notes

Levels and vault maps discovered:
D:1:      lemuel_arrival_muddy, layout_basic, serial_shops,
          nicolae_shop_statue_plus, ebering_ecumenical_altar_mist
D:2:      layout_rooms, dk_noncrumbling_2
D:3:      layout_basic, worldfamousw_hep_ancestral_shrine,
          nicolae_dithmenos_through_a_glass_darkly, serial_shops,
          nicolae_shop_overgrown_old_shop, cheibrodos_sewer_entry_drain,
          grunt_ministairs_14, guppyfry_early_lair_pool

Skill      XL: |  1  2  3  4 |
---------------+-------------+-----
Unarmed Combat | 3 4 |  4.3
Fighting       | 3 |  3.1
Throwing       | |  1.7
Dodging        | |  2.6

Action                   |  1- 3 |  4- 6 || total
-------------------------+-------+-------++-------
Melee: Unarmed           |   192 |   134 ||   326
       Punch             |     2 |     6 ||     8
  Use: Potion            |       |     5 ||     5
 Stab: Sleeping          |     2 |       ||     2
Armor: Leather armour    |    50 |    47 ||    97
Dodge: Dodged            |   123 |    90 ||   213

Table legend: (Time is in decaauts)
 A = Elapsed time spent in this place.
 B = Non-inter-level travel time spent in this place.
 C = Inter-level travel time spent in this place.
 D = Time resting spent in this place.
 E = Time spent auto-exploring this place.
 F = Levels seen in this place.
 G = Mean time per level.
                   A        B        C        D        E       F      G
               +--------+--------+--------+--------+--------+-----+--------+
         Total |   2826 |   2772 |     54 |    231 |   1846 |   4 |  706.5 |
       Dungeon |   2128 |   2074 |     54 |    198 |   1456 |   3 |  709.3 |
         Sewer |    697 |    697 |      0 |     33 |    390 |   1 |  697.0 |
               +--------+--------+--------+--------+--------+-----+--------+

Top non-repeatable levels by time:
     D:1: 1041 daAuts
   Sewer: 697 daAuts
     D:2: 616 daAuts
     D:3: 470 daAuts
